 Dungeon Crawl Stone Soup version 0.26.0-10-g1f06aea511 (webtiles) character file.

Game seed: 8541511597570709922

3217 Dracia the Cleaver (level 9, -1/74 HPs)
             Began as a Deep Dwarf Berserker on Jan 25, 2021.
             Was an Elder of Trog.
             Slain by an orc warrior
             ... wielding a +0 dire flail
              (13 damage)
             ... on level 8 of the Dungeon.
             The game lasted 00:11:34 (5967 turns).

Dracia the Cleaver (Deep Dwarf Berserker)           Turns: 5967, Time: 00:11:35

Health: -1/74      AC: 14    Str: 24    XL:     9   Next: 65%
Magic:  7/7        EV: 11    Int: 14    God:    Trog [****..]
Gold:   407        SH:  0    Dex: 12    Spells: 8/8 levels left

rFire    . . .     SeeInvis .   G - +3 battleaxe
rCold    . . .     Faith    .   (shield currently unavailable)
rNeg     . . .     Spirit   .   q - +0 scale mail
rPois    .         Reflect  .   k - +2 helmet
rElec    .         Harm     .   o - +1 cloak
rCorr    .         Rampage  .   x - +1 pair of gloves
Will     +....                  h - +0 pair of boots
Stlth    +.........             g - amulet of magic regeneration
HPRegen  0.00/turn              I - +6 ring of intelligence
MPRegen  0.35/turn              Q - ring of stealth

@: berserk cooldown, non-regenerating, slowed, very slow
A: damage resistance, heal wounds, sense surroundings 2, no regeneration
a: Heal Wounds, Renounce Religion, Berserk, Trog's Hand, Brothers in Arms


You were on level 8 of the Dungeon.
You worshipped Trog.
Trog was greatly pleased with you.
You visited 1 branch of the dungeon, and saw 8 of its levels.

You collected 407 gold pieces.


Innate Abilities, Weirdness & Mutations

You are resistant to damage.
You can heal yourself by infusing magical energy.
You passively map the area around you.
You do not regenerate.


   Skills:
 - Level 2.6 Fighting
 + Level 14.5 Axes
 - Level 2.1 Armour
 - Level 2.1 Dodging


You had 8 spell levels left.
You didn't know any spells.
Your spell library was empty.

Inventory:

Hand Weapons
 a - a +0 hand axe
 A - a +0 hand axe of venom
 G - a +3 battleaxe (weapon)
Missiles
 t - 11 javelins (quivered)
 u - 53 poisoned darts
 w - 6 atropa-tipped darts
Armour
 b - a +0 animal skin
 h - a +0 pair of boots (worn)
 k - a +2 helmet (worn)
 o - a +1 cloak (worn)
 q - a +0 scale mail (worn)
 x - a +1 pair of gloves (worn)
Jewellery
 g - an amulet of magic regeneration (around neck)
 E - an uncursed ring of willpower {unknown}
 F - an uncursed ring of magical power {unknown}
 I - a +6 ring of intelligence (left hand)
 Q - a ring of stealth (right hand)
Wands
 r - a wand of flame (15)
 v - a wand of paralysis (6)
Scrolls
 e - 6 scrolls of remove curse {@r2@r2}
 l - a scroll of blinking
 n - 6 scrolls of teleportation {@r4@r4}
 s - a scroll of immolation
 C - a scroll of magic mapping
Potions
 c - a potion of attraction
 d - 3 potions of mutation
 f - a potion of invisibility
 i - 2 potions of lignification
 j - 2 potions of curing {@q1@q1}
 m - 4 potions of flight
 p - 2 potions of might
 z - 3 potions of ambrosia {unknown}
 B - a potion of heal wounds {unknown}
 D - a potion of haste {unknown}
 H - a potion of resistance {unknown}

Dungeon Overview and Level Annotations

Branches:
Dungeon (8/15)             Temple (0/1) D:5
   Lair: D:8-11

Altars:
Dithmenos
Gozag
Hepliaklqana
Qazlal
Wu Jian
Xom
The Shining One

##.## #######...##
...........##########
#...................#
..................#.##
............#.###))..####*
.#.#.#...####[##)).......,
##.#.#..## #.##o....####,
##.#.#..# #.##@.#.##
..#.....# #.#..)....# * *
##.#.##.# #............ ,
#.#..#.# ###...#....#. * *
#.##.#.# #...#>###.. * *
#.##.#.# #....## *#.,*
#.##.#.# #.).. , * *,
#.##.#.# #.#..#* *, #.#
#......#######. ** #..


You could see an orc warrior.


Message History

You barely miss the orc warrior. You completely miss the orc.
The orc barely misses you. The orc warrior misses you.
The orc priest closely misses you. The orc closely misses you.
Unknown command.
You slash the orc priest!
The orc priest is almost dead.
You slash the orc!
You kill the orc!
Trog accepts your kill.
You hit the orc warrior.
Your skin stops crawling.
You feel less strong-willed.
The orc warrior hits you with a +0 dire flail.
* * * LOW HITPOINT WARNING * * *
The orc priest begins to cast a cantrip, but forgets the words!
You slash the orc priest!
You kill the orc priest!
Trog accepts your kill.
You barely miss the orc warrior.
The orc warrior hits you with a +0 dire flail!
* * * LOW HITPOINT WARNING * * *
The orc warrior hits you with a +0 dire flail.
* * * LOW HITPOINT WARNING * * *
The orc warrior hits you but does no damage.
Things that are here:
a +2 dagger of protection; an orc corpse You hit the orc warrior.
The orc warrior is moderately wounded.
The orc warrior closely misses you.
The orc warrior hits you with a +0 dire flail!
You die...

Skill      XL: |  1  2  3  4  5  6  7  8  9 |
---------------+----------------------------+-----
Axes           | 4 5 6 7 8 10 12 14 | 14.5
Fighting       | |  2.6
Armour         | |  2.1
Dodging        | |  2.1

Action                   |  1- 3 |  4- 6 |  7- 9 || total
-------------------------+-------+-------+-------++-------
Melee: Hand axe          |    88 |   163 |   330 ||   581
       Battleaxe         |       |       |    60 ||    60
Invok: Berserk           |     1 |     3 |     7 ||    11
       Trog's Hand       |       |       |     4 ||     4
 Abil: Heal Wounds       |     1 |     2 |     7 ||    10
  Use: Scroll            |     6 |       |    10 ||    16
       Potion            |     1 |       |       ||     1
 Stab: Sleeping          |     2 |       |       ||     2
Armor: Animal skin       |    21 |     4 |       ||    25
       Scale mail        |       |    62 |   144 ||   206
Dodge: Dodged            |    75 |    69 |   194 ||   338

Levels and vault maps discovered:
D:1:      shiori_arrival_maze, layout_basic, serial_glass, glass_columns_b,
          glass_columns_b, hangedman_feature_mirror, palyth_stone_intersect,
          feat_on_display
D:2:      layout_basic
D:3:      layout_loops_corners, chequers_ecumenical_altar_simple_redux,
          uniq_robin
D:4:      layout_cave_pods, nicolae_qazlal_style_of_elements,
          uniq_blork_the_orc, uniq_crazy_yiuf_cottage, uniq_sigmund
D:5:      layout_rooms, nicolae_dithmenos_the_darkroom, lemuel_doored_altar,
          minmay_temple_entry_enclosed_plants
D:6:      layout_loops_ring, kennysheep_little_box, grunt_temple_overflow_open
D:7:      layout_gridville, minmay_fractal_squares_diagonal_5, uniq_menkaure
D:8:      layout_loops_ring, minmay_misc_feat_columns,
          chequers_serial_rivers_small_3

Notes
Turn   | Place    | Note
-------+----------+-------------------------------------------
     0 | D:1      | Dracia the Deep Dwarf Berserker began the quest for the
                  | Orb.
     0 | D:1      | Reached XP level 1. HP: 20/20 MP: 1/1
   285 | D:1      | Reached skill level 4 in Axes
   285 | D:1      | Reached XP level 2. HP: 18/27 MP: 2/2
   787 | D:2      | Reached XP level 3. HP: 33/33 MP: 3/3
   894 | D:2      | Reached ** piety under Trog
   895 | D:2      | Reached skill level 5 in Axes
  1188 | D:3      | Noticed Robin
  1198 | D:3      | Killed Robin
  1199 | D:3      | Reached XP level 4. HP: 29/40 MP: 4/4
  1723 | D:3      | Reached skill level 6 in Axes
  1736 | D:3      | Reached XP level 5. HP: 40/46 MP: 5/5
  1863 | D:3      | Found a faded altar of an unknown god.
  1910 | D:3      | Reached *** piety under Trog
  2089 | D:4      | Noticed Sigmund
  2103 | D:4      | Killed Sigmund
  2104 | D:4      | Reached skill level 7 in Axes
  2104 | D:4      | Reached XP level 6. HP: 54/55 MP: 6/6
  2149 | D:4      | Reached skill level 8 in Axes
  2193 | D:4      | Found a stormy altar of Qazlal.
  2374 | D:4      | Noticed Blork the orc
  2384 | D:4      | Killed Blork the orc
  2385 | D:4      | Reached XP level 7. HP: 39/61 MP: 7/7
  2532 | D:4      | Reached skill level 9 in Axes
  2573 | D:4      | Found a runed translucent door.
  2574 | D:4      | Noticed Crazy Yiuf
  2709 | D:4      | Noticed a water elemental
  2709 | D:4      | Noticed an air elemental
  2710 | D:4      | Noticed a fire elemental
  2959 | D:4      | Killed Crazy Yiuf
  3003 | D:5      | Entered Level 5 of the Dungeon
  3125 | D:5      | Reached skill level 10 in Axes
  3128 | D:5      | Reached **** piety under Trog
  3209 | D:5      | Found a shadowy altar of Dithmenos.
  3227 | D:5      | Reached XP level 8. HP: 38/68 MP: 7/7
  3265 | D:5      | Found a glowing golden altar of the Shining One.
  3451 | D:5      | Found a staircase to the Ecumenical Temple.
  3660 | D:6      | Reached skill level 11 in Axes
  3783 | D:6      | Found a shimmering altar of Xom.
  3928 | D:6      | Reached skill level 12 in Axes
  4018 | D:6      | Found a hazy altar of Hepliaklqana.
  4019 | D:6      | Found an ornate altar of the Wu Jian Council.
  4187 | D:6      | Found an opulent altar of Gozag.
  4329 | D:7      | Noticed Menkaure
  4340 | D:7      | Killed Menkaure
  4834 | D:7      | Gained mutation: You passively map the area around you.
                  | [Deep Dwarf growth]
  4834 | D:7      | Reached XP level 9. HP: 56/74 MP: 7/7
  4975 | D:7      | Reached skill level 13 in Axes
  5846 | D:8      | Reached skill level 14 in Axes
  5967 | D:8      | Slain by an orc warrior

Vanquished Creatures
  Sigmund (D:4)
  Menkaure (D:7)
  A sky beast (D:6)
  A necrophage (D:7)
  2 orc warriors (D:8)
  An ice beast (D:7)
  5 ogres
  2 centaurs
  A big kobold (D:5)
  Blork the orc (D:4)
  3 bullfrogs (D:8)
  A water moccasin skeleton (D:6)
  3 scorpions
  4 wights (D:8)
  A bullfrog zombie (D:7)
  A jelly (D:7)
  2 bullfrog skeletons
  5 hounds
  2 centaur skeletons
  5 orc priests
  7 orc wizards
  Crazy Yiuf (D:4)
  An iguana (D:4)
  6 worker ants
  A killer bee zombie (D:6)
  2 hound zombies (D:5)
  A howler monkey zombie (D:6)
  Robin (D:3)
  3 gnolls (D:6)
  8 adders
  A shadow imp (D:5)
  4 white imps
  4 ufetubi
  2 adder zombies (D:5)
  An adder skeleton (D:4)
  3 dart slugs
  2 worms
  3 leopard geckos
  17 orcs
  2 ball pythons (D:3)
  5 giant cockroaches
  12 goblins
  7 hobgoblins
  2 jackals (D:2)
  2 quokkas
  5 bats
  5 frilled lizards
  7 kobolds
  A leopard gecko skeleton (D:4)
  A quokka zombie (D:5)
  4 rats
164 creatures vanquished.

Table legend: (Time is in decaauts)
 A = Elapsed time spent in this place.
 B = Non-inter-level travel time spent in this place.
 C = Inter-level travel time spent in this place.
 D = Time resting spent in this place.
 E = Time spent auto-exploring this place.
 F = Levels seen in this place.
 G = Mean time per level.
                   A        B        C        D        E       F      G
               +--------+--------+--------+--------+--------+-----+--------+
         Total |   5974 |   5822 |    152 |    876 |   3873 |   8 |  746.8 |
       Dungeon |   5974 |   5822 |    152 |    876 |   3873 |   8 |  746.8 |
               +--------+--------+--------+--------+--------+-----+--------+

Top non-repeatable levels by time:
     D:7: 970 daAuts
     D:4: 929 daAuts
     D:3: 921 daAuts
     D:8: 754 daAuts
     D:1: 646 daAuts
     D:5: 616 daAuts
     D:6: 587 daAuts
     D:2: 547 daAuts

Table legend:
 A = Non-vault XP
 B = Vault XP
 C = Vault XP percentage of total XP
 D = Non-vault monster count
 E = Vault monster count
 F = Vault count percentage of total count
                 A         B        C        D         E       F
            +---------+---------+-------+---------+---------+-------
      Total |    3804 |     793 |  17.3 |     142 |      22 |  13.4
            +---------+---------+-------+---------+---------+-------
        D:1 |       9 |       6 |  40.0 |       5 |       4 |  44.4
        D:2 |      57 |       0 |   0.0 |      19 |       0 |   0.0
        D:3 |     127 |      34 |  21.1 |      20 |      11 |  35.5
        D:4 |     267 |     365 |  57.8 |      12 |       3 |  20.0
        D:5 |     739 |       0 |   0.0 |      35 |       0 |   0.0
        D:6 |     634 |       0 |   0.0 |      14 |       0 |   0.0
        D:7 |     518 |     388 |  42.8 |      10 |       4 |  28.6
        D:8 |    1453 |       0 |   0.0 |      27 |       0 |   0.0
            +---------+---------+-------+---------+---------+-------
